 Dungeon Crawl Stone Soup version 0.30-a0-116-g3b1a8e4ee4 (webtiles) character file.

Game seed: 14519074664365656694

39971 porpoise the Spear-Bearer (level 13, 0/109 HPs)
             Began as a Demonspawn Gladiator on Sept 13, 2022.
             Was the Champion of Yredelemnul.
             Slain by a cane toad (16 damage)
             ... on level 5 of the Lair of Beasts.
             The game lasted 01:14:01 (26750 turns).

porpoise the Spear-Bearer (Demonspawn Gladiator)   Turns: 26750, Time: 01:14:02

Health: 0/109      AC: 11    Str: 19    XL:     13   Next: 72%
Magic:  22/22      EV: 15    Int: 13    God:    Yredelemnul [******]
Gold:   1173       SH:  0    Dex: 15    Spells: 12/12 levels left

rFire   . . .      SeeInvis .    a - +3 trident (venom)
rCold   + . .      Faith    .    (no shield)
rNeg    . . .      Spirit   .    t - +0 scale mail of Agoraphobia {Rampage rPois rCorr Int+3}
rPois   +          Reflect  .    c - +0 helmet
rElec   .          Harm     .    S - +0 cloak
rCorr   +          Rampage  +    q - +0 pair of gloves
Will    .....                    (no boots)
Stlth   ..........               (no amulet)
HPRegen 0.28/turn                J - ring of resist corrosion
MPRegen 0.18/turn                A - ring of protection from cold

@: no status effects
A: hooves 2, repulsion field 2, demonic guardian 1, powered by pain 1
a: Renounce Religion, Recall Undead Harvest, Dark Bargain, Drain Life, Bind Soul


You were on level 5 of the Lair of Beasts.
You worshipped Yredelemnul.
Yredelemnul was pleased with you.
You visited 3 branches of the dungeon, and saw 17 of its levels.
You also visited: Sewer.

You collected 1173 gold pieces.

Inventory:

Hand Weapons
 a - a +3 trident of venom (weapon)
 b - the +8 whip "Snakebite" {venom, curare, rPois}
   (You found it on level 1 of the Lair of Beasts)

   It poisons the flesh of those it strikes.
   It occasionally inflicts asphyxiating poison on those it strikes, dealing
   poison damage and causing slowness.
   rPois:     It protects you from poison.
 u - the +8 whip "Immor" {elec, rCorr}
   (You found it on level 3 of the Lair of Beasts)

   It occasionally discharges a powerful burst of electricity upon striking a
   foe.
   rCorr:     It protects you from acid and corrosion.
 y - a +3 longbow of flaming
Missiles
 d - 4 throwing nets (quivered)
 e - 5 poisoned darts
 j - 5 datura-tipped darts
Armour
 c - a +0 helmet (worn)
 q - a +0 pair of gloves (worn)
 t - the +0 scale mail of Agoraphobia (worn) {Rampage rPois rCorr Int+3}
   (You found it on level 2 of the Dungeon)

   Int:       It affects your intelligence (+3).
   rPois:     It protects you from poison.
   rCorr:     It protects you from acid and corrosion.
   Rampage:   It bestows one free step when moving towards enemies.
 S - a +0 cloak (worn)
Jewellery
 A - a ring of protection from cold (right hand)
 H - a ring of fire
 J - a ring of resist corrosion (left hand)
Wands
 f - a wand of light (5)
 v - a wand of digging (7)
 x - a wand of flame (14)
 D - a wand of paralysis (5)
 G - a wand of mindburst (22)
 Q - a wand of iceblast (7)
Scrolls
 g - a scroll of amnesia
 h - 2 scrolls of blinking
 i - 2 scrolls of fear
 l - 5 scrolls of vulnerability
 m - 2 scrolls of silence
 n - 4 scrolls of teleportation
 o - 2 scrolls of immolation
 F - a scroll of identify
 L - 4 scrolls of poison
 O - a scroll of magic mapping
 U - a scroll of enchant armour {unknown}
 V - a scroll of butterflies
Potions
 k - 7 potions of curing
 p - a potion of mutation
 r - 3 potions of might {unknown}
 s - 2 potions of haste
 w - 2 potions of ambrosia {unknown}
 z - 6 potions of lignification
 B - a potion of heal wounds
 C - a potion of invisibility {unknown}
 E - 2 potions of cancellation
 N - a potion of brilliance {unknown}
 T - 2 potions of attraction


   Skills:
 + Level 12.6 Fighting
 - Level 2.0 Maces & Flails
 - Level 14.0 Polearms
 - Level 1.7 Throwing
 + Level 6.4 Armour
 + Level 6.4 Dodging
 - Level 12.0 Invocations
 - Level 5.0 Evocations


You had 12 spell levels left.
You didn't know any spells.
Your spell library contained the following spells:

 Spells                   Type           Power      Damage    Failure   Level
 Magic Dart               Conj           0%         1d3       63%         1
 Sting                    Tmut/Pois      0%         1d3       63%         1
 Call Imp                 Summ           0%         N/A       77%         2
 Ensorcelled Hibernation  Hex/Ice        0%         N/A       77%         2
 Passwall                 Tmut/Erth      0%         N/A       77%         2
 Poisonous Vapours        Pois/Air       0%         N/A       77%         2
 Frozen Ramparts          Ice            0%         1d1       94%         3
 Kindle Blastsparks       Fire/Tloc/Air  0%         2d10      94%         3
 Mephitic Cloud           Conj/Pois/Air  0%         N/A       94%         3
 Spider Form              Tmut/Pois      0%         N/A       94%         3
 Swiftness                Air            0%         N/A       94%         3
 Tukima's Dance           Hex            0%         N/A       94%         3
 Anguish                  Hex/Necr       0%         N/A       100%        4
 Fulminant Prism          Conj/Hex       0%         3d6       100%        4
 Ice Form                 Ice/Tmut       0%         N/A       100%        4
 Iskenderun's Mystic Bla  Conj/Tloc      0%         2d3       100%        4
 Leda's Liquefaction      Hex/Erth       0%         N/A       100%        4
 Olgreb's Toxic Radiance  Pois           0%         N/A       100%        4
 Passage of Golubria      Tloc           0%         N/A       100%        4
 Summon Ice Beast         Ice/Summ       0%         N/A       100%        4
 Lee's Rapid Deconstruct  Erth           0%         3d5*      100%        5
 Summon Forest            Summ/Tloc      0%         N/A       100%        5
 Summon Mana Viper        Hex/Summ       0%         N/A       100%        5
 Yara's Violent Unravell  Hex/Tmut       0%         3d3       100%        5
 Statue Form              Tmut/Erth      0%         N/A       100%        6
 Summon Cactus Giant      Summ           0%         N/A       100%        6
 Borgnjor's Revivificati  Necr           0%         N/A       100%        8
 Necromutation            Tmut/Necr      0%         N/A       100%        8
 Death's Door             Necr           0%         N/A       100%        9


Dungeon Overview and Level Annotations

Branches:
Dungeon (11/15)            Temple (1/1) D:4            Lair (5/5) D:11
  Swamp (0/4) Lair:3       Spider (0/4) Lair:2          Orc (0/2) D:9
  Sewer (visited)
  Slime: Lair:4-5

Altars:
Ashenzari
Cheibriados
Dithmenos
Fedhas
Gozag
Hepliaklqana
Kikubaaqudgha
Makhleb
Nemelex Xobeh
Okawaru
Qazlal
Ru
Sif Muna
Trog
Uskayaw
Vehumet
Wu Jian
Xom
Yredelemnul

Annotations:
D:10 1 runed translucent door, nucleargodhead's ghost, journeyman DsBe


Innate Abilities, Weirdness & Mutations

You have hoof-like feet.
You are surrounded by a moderate repulsion field. (EV +3)
A weak demonic guardian rushes to your aid.
You sometimes gain a little power by taking damage.


Message History

The death yak is moderately wounded.
The death yak gores you!!
* * * LOW HITPOINT WARNING * * *
A demonic guardian appears!
Your death yak zombie gores the death yak!
Unknown command.
You hit the death yak.
The death yak is heavily wounded.
The death yak gores you but does no damage.
Your death yak zombie gores the death yak!
Unknown command.
You hit the death yak but do no damage.
The death yak looks as sick as possible!
You kick the death yak, but do no damage.
The death yak is severely wounded.
Your death yak zombie gores the death yak!
Unknown command.
You barely miss the death yak. Your kick misses the death yak.
The death yak is almost dead.
The death yak gores you.
* * * LOW HITPOINT WARNING * * *
Unknown command.
You hit the death yak but do no damage.
The death yak looks as sick as possible!
You kick the death yak, but do no damage.
The death yak is almost dead.
Your death yak zombie completely misses the death yak.
Your death yak zombie gores the death yak but does no damage.
Unknown command.
You puncture the death yak!
You kill the death yak!
Unknown command.
You closely miss the cane toad. Your kick misses the cane toad.
Your death yak zombie closely misses the cane toad.
The cane toad stings you but does no damage.
Your death yak zombie barely misses the cane toad.
Unknown command.
You feel better.
Your iron imp hits the cane toad.
The cane toad stings you!
You die...
Your body rises from the dead as a mindless zombie.

.................
........................
........................
........................
....#.#............<....
..#..##.######.#........
.####### .# ....... #.#
####### ###F5..... .##
###......##Z@ZZZ.... ##
#.......##.ZZZZ...## .#
##...................
.##..........#..........
.#).........÷##.........
..##.#........##........
.###...........###.!...#
.#.......P.......##..###
###.....÷.......P.####


You could see a cane toad (ally target), a friendly iron imp (summoned), 2
friendly komodo dragon zombies, a friendly basilisk zombie, a friendly black
mamba zombie, 2 friendly death yak zombies, a friendly polar bear zombie and a
friendly wyvern zombie.

Vanquished Creatures
  Gastronok (D:10)
  A hydra (Lair:3)
  Harold (D:9)
  Erica (D:8)
  2 two-headed ogres
  A boulder beetle (Lair:2)
  2 death yaks (Lair:5)
  An elephant (Lair:1)
  3 black mambas
  Joseph (D:8)
  A gargoyle (D:11)
  5 cane toads
  5 rime drakes
  11 komodo dragons
  A troll (D:11)
  3 polar bears
  2 hornets
  2 blink frogs (Lair:2)
  3 wraiths
  26 yaks
  4 basilisks
  11 wyverns
  A redback (Lair:2)
  A swamp worm (Lair:3)
  2 acid dragons
  A hell hound (Lair:2)
  13 water moccasins
  A sky beast (D:6)
  A black bear (D:5)
  An ice beast (D:6)
  2 ogres (D:5)
  4 centaurs
  18 wolves
  A phantom (D:6)
  7 bullfrogs
  2 gnoll sergeants (D:8)
  A scorpion (D:4)
  A necrophage (D:4)
  6 wights
  12 killer bees
  4 howler monkeys
  3 hounds
  Crazy Yiuf (D:3)
  A jelly (D:5)
  5 orc priests
  A gnoll bouda (D:8)
  5 iguanas
  Ijyb (D:5)
  13 orc wizards
  8 hell rats
  A mummy (D:8)
  12 gnolls
  21 adders
  A shadow imp (D:6)
  2 white imps (D:7)
  An ufetubus (D:5)
  4 dart slugs
  39 orcs
  3 bats (D:2)
  6 endoplasms
  9 giant cockroaches
  6 goblins
  7 hobgoblins
  8 jackals
  6 quokkas
  13 ball pythons
  10 frilled lizards
  2 kobolds
  7 rats
363 creatures vanquished.

Vanquished Creatures (collateral kills)
  Nessos (Lair:4)
  Snorg (D:11)
  3 hydras
  A two-headed ogre (D:11)
  2 death yaks (Lair:5)
  An oklob plant (Lair:2)
  A manticore (Lair:3)
  2 elephants (Lair:1)
  A black mamba (Lair:1)
  2 rime drakes
  5 komodo dragons
  A hornet (D:9)
  Prince Ribbit (D:8)
  A blink frog (Lair:2)
  2 yaks
  A wraith (D:11)
  4 wyverns (Lair:3)
  A basilisk (Lair:3)
  4 swamp worms (Lair:3)
  3 water moccasins
  2 wolves (Lair:1)
  2 bullfrogs
  A gnoll sergeant (D:10)
  3 killer bees (D:10)
  A howler monkey (D:6)
  An orc priest (D:9)
  An orc wizard (D:9)
  4 hell rats
  5 gnolls
  A shadow imp (D:7)
  An ufetubus (D:6)
  A worm (D:5)
  9 orcs
  A gnoll zombie (D:10)
71 creatures vanquished.

Vanquished Creatures (others)
  A swamp worm zombie (Lair:3)
  A cane toad zombie (Lair:4)
  2 komodo dragon zombies (Lair:1)
  2 rime drake zombies (Lair:3)
  2 wyvern zombies (Lair:3)
  3 water moccasin zombies
  4 yak zombies
  7 wolf zombies
  A centaur zombie (D:11)
  A bullfrog zombie (Lair:4)
  A basilisk zombie (Lair:3)
  3 killer bee zombies
  A sky beast zombie (D:6)
  An acid dragon zombie (D:11)
  3 howler monkey zombies
  3 hell rat zombies
  An adder zombie (Lair:1)
  A ball python zombie (Sewer)
  2 giant cockroach zombies (Sewer)
  7 gnoll zombies
  9 orc zombies
  A quokka zombie (Sewer)
  2 bushes
  47 fungi
  47 plants
153 creatures vanquished.

Grand Total: 587 creatures vanquished

Notes
Turn   | Place    | Note
-------+----------+-------------------------------------------
     0 | D:1      | porpoise the Demonspawn Gladiator began the quest for the
                  | Orb.
     0 | D:1      | Reached XP level 1. HP: 16/16 MP: 1/1
   298 | D:1      | Reached skill level 3 in Polearms
   304 | D:1      | Gained mutation: You are surrounded by a mild repulsion
                  | field. (EV +2) [demonic ancestry]
   304 | D:1      | Reached XP level 2. HP: 23/23 MP: 2/2
  1090 | D:2      | Reached XP level 3. HP: 26/28 MP: 3/3
  1256 | D:2      | Identified the +2 leather armour of Disappointment {+Blink
                  | rPois}
  1266 | D:2      | Identified the +0 scale mail of Agoraphobia {Rampage rPois
                  | rCorr Int+3}
  1640 | D:2      | Gained mutation: A weak demonic guardian rushes to your
                  | aid. [demonic ancestry]
  1640 | D:2      | Reached XP level 4. HP: 34/35 MP: 4/4
  1903 | D:2      | Found a faded altar of an unknown god.
  2055 | D:3      | Found a runed translucent door.
  2056 | D:3      | Noticed Crazy Yiuf
  2064 | D:3      | Killed Crazy Yiuf
  2065 | D:3      | Reached skill level 4 in Polearms
  2595 | D:3      | Reached XP level 5. HP: 42/42 MP: 5/5
  3143 | D:4      | Identified the +1 pair of boots of Autumn {Rampage Stlth+}
  3150 | D:4      | Found a staircase to the Ecumenical Temple.
  3162 | Temple   | Entered the Ecumenical Temple
  3437 | Temple   | Became a worshipper of Yredelemnul the Dark
  3510 | D:4      | Reached skill level 1 in Invocations
  3510 | D:4      | Reached XP level 6. HP: 47/49 MP: 6/6
  3811 | D:4      | Reached * piety under Yredelemnul
  4268 | D:5      | Entered Level 5 of the Dungeon
  4394 | D:5      | Reached skill level 5 in Polearms
  4410 | D:5      | Noticed Ijyb
  4416 | D:5      | Killed Ijyb
  4417 | D:5      | Reached skill level 5 in Fighting
  4446 | D:5      | Gained mutation: You are surrounded by a moderate repulsion
                  | field. (EV +3) [demonic ancestry]
  4446 | D:5      | Reached XP level 7. HP: 27/56 MP: 7/9
  4874 | D:5      | Found a glowing drain.
  4908 | Sewer    | Entered a sewer
  5618 | D:5      | Reached skill level 5 in Invocations
  5860 | D:5      | Reached skill level 6 in Polearms
  5860 | D:5      | Reached XP level 8. HP: 64/64 MP: 10/12
  7180 | D:6      | Noticed a hornet
  7183 | D:6      | Reached skill level 1 in Armour
  7194 | D:6      | Killed a hornet
  7195 | D:6      | Reached skill level 7 in Polearms
  7323 | D:6      | Gained mutation: You sometimes gain a little power by
                  | taking damage. [demonic ancestry]
  7323 | D:6      | Reached XP level 9. HP: 72/72 MP: 14/14
  7607 | D:6      | Reached ** piety under Yredelemnul
  9182 | D:8      | Noticed a two-headed ogre
  9197 | D:8      | Killed a two-headed ogre
  9391 | D:8      | Reached skill level 8 in Polearms
  9530 | D:8      | Noticed Prince Ribbit
  9542 | D:8      | Killed Prince Ribbit
  9543 | D:8      | Reached skill level 5 in Dodging
 10527 | D:8      | Found a snail-covered altar of Cheibriados.
 10625 | D:8      | Noticed Joseph
 10640 | D:8      | Killed Joseph
 10641 | D:8      | Gained mutation: You have large cloven feet. [demonic
                  | ancestry]
 10641 | D:8      | Reached XP level 10. HP: 58/79 MP: 15/15
 10775 | D:8      | Reached *** piety under Yredelemnul
 10795 | D:8      | Noticed Erica
 10805 | D:8      | Killed Erica
 10806 | D:8      | Reached skill level 9 in Polearms
 10806 | D:8      | Reached skill level 5 in Armour
 11200 | D:9      | Reached skill level 1 in Evocations
 11598 | D:9      | Found a staircase to the Orcish Mines.
 11773 | D:9      | Noticed Harold
 11798 | D:9      | Killed Harold
 11799 | D:9      | Reached skill level 10 in Polearms
 12659 | D:10     | Entered Level 10 of the Dungeon
 12734 | D:10     | Gained mutation: You have hoof-like feet. [demonic
                  | ancestry]
 12734 | D:10     | Reached XP level 11. HP: 55/87 MP: 16/16
 12898 | D:10     | Noticed a two-headed ogre
 12904 | D:10     | Killed a two-headed ogre
 13050 | D:10     | Found a runed translucent door.
 13056 | D:10     | Noticed nucleargodhead's ghost (journeyman DsBe)
 13247 | D:10     | Noticed Gastronok
 13272 | D:10     | Killed Gastronok
 13273 | D:10     | Reached skill level 11 in Polearms
 13273 | D:10     | Reached **** piety under Yredelemnul
 13528 | D:10     | Reached ***** piety under Yredelemnul
 14034 | D:11     | Found a staircase to the Lair.
 14036 | D:11     | Noticed Snorg
 14046 | D:11     | Killed Snorg
 14047 | D:11     | Reached skill level 5 in Evocations
 14602 | D:11     | Reached skill level 12 in Polearms
 14688 | D:11     | Reached skill level 10 in Fighting
 15308 | D:11     | Noticed a two-headed ogre
 15314 | D:11     | Killed a two-headed ogre
 15804 | Lair:1   | Entered Level 1 of the Lair of Beasts
 16022 | Lair:1   | Reached XP level 12. HP: 84/97 MP: 16/18
 17749 | Lair:1   | Found the +8 whip "Snakebite" {venom, curare, rPois}
 18234 | Lair:2   | Reached skill level 10 in Invocations
 18454 | Lair:2   | Found a hole to the Spider Nest.
 18473 | Lair:2   | Noticed a six-headed hydra
 18478 | Lair:2   | Noticed an eight-headed hydra
 18480 | Lair:2   | HP: 1/99 [six-headed hydra (5)]
 18484 | Lair:2   | Noticed a boulder beetle
 18496 | Lair:2   | Reached skill level 1 in Maces & Flails
 18908 | Lair:2   | Killed a boulder beetle
 19064 | Lair:2   | Killed a six-headed hydra
 19406 | Lair:2   | Killed an eight-headed hydra
 19590 | Lair:2   | Reached skill level 13 in Polearms
 21035 | Lair:3   | Noticed an eight-headed hydra
 21458 | Lair:2   | Reached XP level 13. HP: 62/106 MP: 22/22
 22975 | Lair:3   | Identified the +8 whip "Immor" {elec, rCorr}
 23743 | Lair:3   | Found a staircase to the Swamp.
 24400 | Lair:4   | Reached skill level 14 in Polearms
 24679 | Lair:4   | Noticed Nessos
 24687 | Lair:4   | Killed Nessos
 26198 | Lair:5   | Entered Level 5 of the Lair of Beasts
 26734 | Lair:5   | Reached ****** piety under Yredelemnul
 26746 | Lair:5   | HP: 4/109 [death yak (3)]
 26750 | Lair:5   | Slain by a cane toad

Illustrated notes

Levels and vault maps discovered:
D:1:      lightli_arrival_isolated_outpost, layout_basic
D:2:      wad_river_or_something, layout_rooms, shapermc_ecumenical_altar_petra
D:3:      layout_basic, hangedman_decor_diamond_cutter,
          minmay_fractal_squares_diagonal_5, uniq_crazy_yiuf_cottage
D:4:      layout_cave_pods, temple_fountains
D:5:      layout_basic, gup_sewer_entry_bubbles, chequers_serial_rivers_room_a,
          nrook_loot_triangle, uniq_ijyb
D:6:      layout_gridville, grunt_ministairs_5
D:7:      layout_cave_pods, patterned_corridor
D:8:      layout_loops_ring, slow_altar_2, chequers_serial_rivers_large_a,
          uniq_prince_ribbit1, uniq_joseph, uniq_erica
D:9:      layout_irregular_city, orc_0_dummy, serial_bayou_pond_d, uniq_harold
D:10:     layout_roguey, ebering_ghost_reflecting_pool, uniq_gastronok
D:11:     layout_loops_ring, lair_entry_dummy, lightli_orcish_oven, uniq_snorg
Temple:   roderic_octagonal_lattice_temple
Lair:1:   minmay_guarded_unrand_snakebite, layout_regular_city,
          beast_lair_carwin_11, grunt_megastairs_4
Lair:2:   layout_cave_pods, spider_nest_entry_webs
Lair:3:   layout_roguey [special_room_mythical_zoo], minmay_swamp_entry_worms,
          minivault_26, grunt_megastairs_3
Lair:4:   layout_roguey, uniq_nessos
Lair:5:   grunt_lair_end_beastmaster, layout_hall_layers,
          minmay_slime_entry_jelly_boxes, serial_bayou_shore_b

Skill      XL: |  1  2  3  4  5  6  7  8  9 10 11 12 13 |
---------------+----------------------------------------+-----
Polearms       | 3 4 5 6 7 8 10 12 13 14 | 14.0
Fighting       | 3 4 5 6 7 8 10 11 12 | 12.6
Invocations    | 1 3 5 7 8 12 | 12.0
Armour         | 2 4 5 6 |  6.4
Dodging        | 3 5 6 |  6.4
Evocations     | 3 5 |  5.0
Maces & Flails | 2 |  2.0
Throwing       | |  1.7

Action                   |  1- 3 |  4- 6 |  7- 9 | 10-12 | 13-15 || total
-------------------------+-------+-------+-------+-------+-------++-------
Melee: Trident           |   118 |   204 |   516 |   479 |   147 ||  1464
       Punch             |       |     1 |     7 |    10 |     6 ||    24
       Kick              |       |       |       |   227 |    93 ||   320
       Whip              |       |       |       |   130 |   111 ||   241
 Fire: Sling             |       |       |     9 |     2 |       ||    11
Throw: Throwing net      |       |     2 |       |     5 |       ||     7
       Dart              |       |     2 |     4 |    27 |       ||    33
Invok: Dark Bargain      |       |       |       |     2 |       ||     2
       Recall Undead Har |       |       |       |     1 |       ||     1
Evoke: Wand              |       |       |     2 |     7 |       ||     9
  Use: Scroll            |       |    12 |     7 |     3 |     3 ||    25
       Potion            |       |       |     2 |     4 |     7 ||    13
 Stab: Held in net/web   |       |     2 |       |     2 |       ||     4
       Distracted        |       |     1 |     3 |     6 |     3 ||    13
       Sleeping          |       |     1 |       |       |       ||     1
       Invisible         |       |       |     2 |       |       ||     2
Armor: Leather armour    |     2 |    24 |       |       |       ||    26
       Ring mail         |    25 |       |       |       |       ||    25
       Scale mail        |    23 |    46 |   200 |   140 |    66 ||   475
Dodge: Dodged            |    74 |    98 |   305 |   371 |   172 ||  1020

Table legend: (Time is in decaauts)
 A = Elapsed time spent in this place.
 B = Non-inter-level travel time spent in this place.
 C = Inter-level travel time spent in this place.
 D = Time resting spent in this place.
 E = Time spent auto-exploring this place.
 F = Levels seen in this place.
 G = Mean time per level.
                   A        B        C        D        E       F      G
               +--------+--------+--------+--------+--------+-----+--------+
         Total |  28769 |  27815 |    954 |  10350 |  13368 |  18 | 1598.3 |
       Dungeon |  16330 |  15759 |    571 |   4317 |   9017 |  11 | 1484.5 |
        Temple |    291 |    275 |     16 |      0 |    243 |   1 |  291.0 |
          Lair |  11435 |  11068 |    367 |   5926 |   3945 |   5 | 2287.0 |
         Sewer |    711 |    711 |      0 |    107 |    162 |   1 |  711.0 |
               +--------+--------+--------+--------+--------+-----+--------+

Top non-repeatable levels by time:
  Lair:2: 4049 daAuts
  Lair:3: 2508 daAuts
     D:8: 2431 daAuts
  Lair:1: 2388 daAuts
    D:10: 2220 daAuts
  Lair:4: 1965 daAuts
    D:11: 1949 daAuts
     D:6: 1641 daAuts
     D:9: 1597 daAuts
     D:5: 1392 daAuts
     D:7: 1073 daAuts
     D:1: 1041 daAuts
     D:3: 1022 daAuts
     D:2: 983 daAuts
     D:4: 977 daAuts
